 Dungeon Crawl Stone Soup version 0.26-a0-649-gf8c6c3aab7 (webtiles) character file.

Game seed: 937120472497377677

83 elmdor the Skirmisher (level 4, -13/43 HPs)
             Began as a Palentonga Brigand on Sept 27, 2020.
             Killed by divine providence
             ... invoked by an orc priest
              (16 damage)
             ... on level 3 of the Dungeon.
             The game lasted 00:06:45 (2232 turns).

elmdor the Skirmisher (Palentonga Brigand)          Turns: 2232, Time: 00:06:46

Health: -13/43     AC:  8    Str: 15    XL:     4   Next: 22%
Magic:  4/4        EV:  9    Int: 12    God:
Gold:   91         SH:  0    Dex: 11    Spells: 3/3 levels left

rFire    . . .     SeeInvis +   g - +0 dagger (elec)
rCold    . . .     Faith    .   (no shield)
rNeg     . . .     Spirit   .   b - +0 robe
rPois    .         Reflect  .   v - +2 helmet
rElec    .         Harm     .   c - +0 cloak
rCorr    .         Rampage  .   (no gloves)
MR       .....                  (no barding)
Stlth    ++........             (no amulet)
HPRegen  0.14/turn              (no ring)
MPRegen  0.09/turn              (no ring)

@: no status effects
A: large, rugged brown scales 3, see invisible, deformed body, roll, armoured
tail
a: Rolling Charge


You were on level 3 of the Dungeon.
You visited 1 branch of the dungeon, and saw 3 of its levels.

You collected 91 gold pieces.

Inventory:

Hand Weapons
 a - a +2 dagger
 g - a +0 dagger of electrocution (weapon)
Missiles
 d - 25 poisoned darts (quivered)
 e - 2 curare-tipped darts
 h - 134 stones
 j - 53 sling bullets
 s - 4 javelins
Armour
 b - a +0 robe (worn)
 c - a +0 cloak (worn)
 v - a +2 helmet (worn)
Jewellery
 m - an uncursed ring of fire
Scrolls
 i - 6 scrolls of identify {unknown}
 n - a scroll of enchant armour {unknown}
 o - a scroll of enchant weapon {unknown}
 p - a scroll of immolation {unknown}
 q - a scroll of magic mapping {unknown}
 r - a scroll of teleportation {unknown}
 u - a scroll of noise {unknown}
Potions
 f - 2 potions of curing {unknown}
 l - 2 potions of ambrosia {unknown}
 t - a potion of berserk rage {unknown}


   Skills:
 + Level 4.5 Fighting
 - Level 2.0 Short Blades
 - Level 1.3 Throwing
 - Level 0.7 Dodging
 - Level 2.6 Stealth


You had 3 spell levels left.
You didn't know any spells.
Your spell library was empty.

Dungeon Overview and Level Annotations

Branches:
Dungeon (3/15)

Altars:


Innate Abilities, Weirdness & Mutations

You are completely covered in rugged brown scales. (AC +3, +7% HP)
You have supernaturally acute eyesight. (SInv)
Armour fits poorly on your strangely shaped body.
You can roll at foes to attack.
You have a long armoured tail.


Message History

The orc priest hits you with a +0 flail.
The orc priest mumbles some strange prayers to Beogh against you.
Pain shoots through your body!
There is an open door here.
The orc priest invokes the aid of Beogh against you.
Pain shoots through your body!
* * * LOW HITPOINT WARNING * * *
The orc priest mumbles some strange prayers to Beogh against you.
Beogh smites you!
* * * LOW HITPOINT WARNING * * *
There is an open door here.
Which direction?
You close the door.
You open the door.
There is an open door here.
You close the door.
An orc priest opens the door.
The orc priest invokes the aid of Beogh against you.
Beogh smites you!
You die...

#....'.##...............
#....#+#####o#........^.
###........#o#..........
#........o.#.........>
#........###..........
#........# #####+#.[..
#........#######+#....
#####.....#####.......####
#........@# #.......#
#.........#####.......###
###....................†..#
.'.......................#
#........#..............#
#..............)......###
#.....................#
#...÷...........#+#####
###.)...........#


You could see an orc priest and 2 orcs.

Vanquished Creatures
  2 worms
  2 dart slugs (D:1)
  2 leopard geckos
  3 orcs (D:3)
  3 giant cockroaches
  13 goblins
  5 hobgoblins
  3 jackals (D:1)
  9 kobolds
  A quokka (D:3)
  A ball python (D:2)
  7 bats
  3 frilled lizards
  7 rats
61 creatures vanquished.

Notes
Turn   | Place    | Note
-------+----------+-------------------------------------------
     0 | D:1      | elmdor the Palentonga Brigand began the quest for the Orb.
     0 | D:1      | Reached XP level 1. HP: 18/18 MP: 1/1
   115 | D:1      | Reached XP level 2. HP: 11/26 MP: 2/2
   507 | D:1      | Reached skill level 3 in Fighting
   859 | D:1      | Reached XP level 3. HP: 31/33 MP: 3/3
  1331 | D:2      | Reached skill level 4 in Fighting
  1941 | D:3      | Reached XP level 4. HP: 41/43 MP: 4/4
  2221 | D:3      | HP: 1/43 [orc priest/divine providence (11)]
  2232 | D:3      | Killed from afar by an orc priest

Illustrated notes

Levels and vault maps discovered:
D:1:      mrwooster_arrival_statue_2, layout_basic
D:2:      layout_rooms, minmay_cupped
D:3:      layout_basic

Skill      XL: |  1  2  3 |
---------------+----------+-----
Fighting       | 3 4 |  4.5
Short Blades   | |  2.0
Throwing       | |  1.3
Dodging        | |  0.7
Stealth        | |  2.6

Action                   |  1- 3 |  4- 6 || total
-------------------------+-------+-------++-------
Melee: Dagger            |   174 |    48 ||   222
       Tailslap          |    14 |     7 ||    21
 Abil: Rolling Charge    |    24 |       ||    24
 Stab: Sleeping          |     3 |       ||     3
Armor: Robe              |    76 |    19 ||    95
Dodge: Dodged            |    66 |    14 ||    80

Table legend: (Time is in decaauts)
 A = Elapsed time spent in this place.
 B = Non-inter-level travel time spent in this place.
 C = Inter-level travel time spent in this place.
 D = Time resting spent in this place.
 E = Time spent auto-exploring this place.
 F = Levels seen in this place.
 G = Mean time per level.
                   A        B        C        D        E       F      G
               +--------+--------+--------+--------+--------+-----+--------+
         Total |   2210 |   2185 |     25 |    490 |   1135 |   3 |  736.7 |
       Dungeon |   2210 |   2185 |     25 |    490 |   1135 |   3 |  736.7 |
               +--------+--------+--------+--------+--------+-----+--------+

Top non-repeatable levels by time:
     D:1: 1151 daAuts
     D:2: 729 daAuts
     D:3: 330 daAuts
